AoeStats
← Vilo41

Arena

510338805Analyzed
1v1 RM · 2d ago on Sep 30, 2026· 25m 58s· 2 players
Game mode
Random Map
Map size
Tiny (2 player)
Population
200
Speed
Normal
Resources
Standard
Victory
Conquest
Starting age
Dark Age
Ending age
Imperial Age
RankedLock teamsTeams togetherTeam positionsShared explorationLock speedFull tech treeHidden civsTurbo modeCheats
Victory
Defeat
🇻🇪 Franks · Venezuela
448
+9
🇨🇳 Chinese · China
287
-9
76561199640613672
11:52 Feudal Age
12:46 Double-Bit Axe
12:57 Stone Mining
Vilo41
10:48 Feudal Age
11:13 Man-at-Arms
15:20 Double-Bit Axe
17:09 Scale Mail Armor
24:17 Castle Age
22:20 Fletching
23:36 Padded Archer Armor
23:50 Forging
25:14 Town Watch
25:28 Bodkin Arrow
Connection lost

Rejoining the realm…

Still unreachable

The connection could not be restored.

Session expired

The server has moved on; the page needs a fresh start.